 Dungeon Crawl Stone Soup version 0.29.1-4-g47bece8355 (webtiles) character file.

Game seed: 3105083548552913710

4428 Gabide the Thaumaturge (level 10, -6/76 HPs)
             Began as a Mummy Necromancer on Dec 3, 2022.
             Was a Follower of Kikubaaqudgha.
             Mangled by a wight
             ... wielding a +4 morningstar
              (15 damage)
             ... on level 7 of the Dungeon.
             The game lasted 00:20:37 (11897 turns).

Gabide the Thaumaturge (Mummy Necromancer)         Turns: 11897, Time: 00:20:38

Health: -6/76      AC:  9    Str: 18    XL:     10   Next: 14%
Magic:  22/22      EV: 14    Int: 19    God:    Kikubaaqudgha [*.....]
Gold:   471        SH:  0    Dex: 12    Spells: 17/25 levels left

rFire   x . .      SeeInvis .     - Unarmed
rCold   + . .      Faith    .   (no shield)
rNeg    + + +      Spirit   .   x - +1 steam dragon scales
rPois   ∞          Reflect  .   (no helmet)
rElec   .          Harm     .   b - +0 cloak
rCorr   .          Rampage  .   (no gloves)
Will    +....                   k - +1 pair of boots
Stlth   ++........              f - amulet of the acrobat
HPRegen 0.22/turn               j - ring of flight
MPRegen 0.18/turn               n - +6 ring of strength

@: flying
A: cold resistance 1, negative energy resistance 3, torment resistance 2, heat
vulnerability 1, in touch with death 1, no potions
a: Renounce Religion, Unearth Wretches


You were on level 7 of the Dungeon.
You worshipped Kikubaaqudgha.
Kikubaaqudgha was aware of your devotion.
You visited 1 branch of the dungeon, and saw 8 of its levels.
You visited the Abyss 1 time.

You collected 471 gold pieces.

Inventory:

Hand Weapons
 s - a +5 morningstar
Missiles
 g - 5 silver boomerangs
 t - 16 boomerangs of dispersal
Armour
 b - a +0 cloak (worn)
 k - a +1 pair of boots (worn)
 q - a +1 robe of fire resistance
 x - +1 steam dragon scales (worn)
Magical Staves
 A - a staff of death
Jewellery
 f - an amulet of the acrobat (around neck)
 j - a ring of flight (left hand)
 n - a +6 ring of strength (right hand)
 v - an amulet of reflection
Wands
 c - a wand of quicksilver (3)
 z - a wand of polymorph (9)
Scrolls
 d - 3 scrolls of vulnerability
 e - a scroll of blinking
 h - 4 scrolls of poison
 i - 7 scrolls of amnesia
 l - a scroll of fear
 m - 2 scrolls of fog
 o - a scroll of summoning
 p - a scroll of silence
 r - a scroll of enchant weapon {unknown}
 u - a scroll of immolation {unknown}
 w - a scroll of magic mapping {unknown}
 y - a scroll of torment {unknown}


   Skills:
 - Level 6.0 Fighting
 - Level 2.0 Armour
 + Level 5.6 Dodging
 - Level 2.0 Stealth
 + Level 5.7 Unarmed Combat
 - Level 8.0 Spellcasting
 + Level 7.7 Necromancy


You had 17 spell levels left.
You knew the following spells:

 Your Spells              Type           Power      Damage    Failure   Level
a - Necrotise             Necr           100%       1d9       1%          1
b - Vampiric Draining     Necr           53%        2d9       1%          3
c - Animate Dead          Necr           53%        N/A       3%          4

Your spell library contained the following spells:

 Spells                   Type           Power      Damage    Failure   Level
 Sting                    Tmut/Pois      28%        1d4       9%          1
 Summon Small Mammal      Summ           28%        N/A       9%          1
 Agony                    Necr           53%        N/A       11%         5
 Blink                    Tloc           14%        N/A       14%         2
 Poisonous Vapours        Pois/Air       14%        N/A       14%         2
 Anguish                  Hex/Necr       16%        N/A       19%         4
 Call Canine Familiar     Summ           7%         N/A       26%         3
 Gell's Gravitas          Tloc           7%         N/A       26%         3
 Lesser Beckoning         Tloc           7%         N/A       26%         3
 Summon Guardian Golem    Hex/Summ       7%         N/A       26%         3
 Teleport Other           Tloc           7%         N/A       26%         3
 Borgnjor's Vile Clutch   Necr/Erth      16%        N/A       45%         5
 Death Channel            Necr           26%        N/A       52%         6
 Olgreb's Toxic Radiance  Pois           7%         N/A       65%         4
 Manifold Assault         Tloc           7%         N/A       94%         5
 Dispersal                Tloc           3%         N/A       100%        6
 Summon Hydra             Summ           3%         N/A       100%        7
 Sublimation of Blood     Necr           Unusable   N/A       N/A         2
 Wereblood                Tmut           Unusable   N/A       N/A         2

Dungeon Overview and Level Annotations

Branches:
Dungeon (8/15)             Temple (0/1) D:6            Lair (0/5) D:8

Altars:
Ashenzari
Fedhas
Kikubaaqudgha
Qazlal
Sif Muna
Trog
Wu Jian
Xom

Annotations:
D:4 Tali's ghost, amateur DsBe


Innate Abilities, Weirdness & Mutations

You are immune to poison.
Your flesh is cold resistant. (rC+)
You are immune to negative energy. (rN+++)
You are immune to unholy pain and torment.
You are vulnerable to heat. (rF-)
You are in touch with the powers of death.
You do not drink.


Message History

You are too injured to fight recklessly!
You are too injured to fight recklessly!
You are too injured to fight recklessly!
You are too injured to fight recklessly!
You are too injured to fight recklessly!
You are too injured to fight recklessly!
You are too injured to fight recklessly!
You are too injured to fight recklessly!
You are too injured to fight recklessly!
You are too injured to fight recklessly!
You are too injured to fight recklessly!
You are too injured to fight recklessly!
You are too injured to fight recklessly!
You are too injured to fight recklessly!
You are too injured to fight recklessly!
You are too injured to fight recklessly!
You closely miss the wight.
The wight is almost destroyed.
The wight hits you with a +4 battleaxe!
* * * LOW HITPOINT WARNING * * *
You closely miss the wight.
The wight is almost destroyed.
The wight barely misses you.
You hit the wight.
You destroy the wight!
Kikubaaqudgha accepts your kill.
You hit the wight but do no damage.
The wight hits you with a +4 morningstar!
* * * LOW HITPOINT WARNING * * *
Okay, then.
Aiming: Quicksilver Bolt
Press: ? - help, Shift-Dir - straight line, f - wight
Aim: a wight, wielding a +4 morningstar and wearing a +0 robe (71% to hit)
The bolt of dispelling energy hits the wight!
The wight is almost destroyed.
The bolt of dispelling energy hits the wight!
The wight is severely damaged.
The wight hits you with a +4 morningstar!
You die...
Kikubaaqudgha rasps: "You have failed me!
Welcome... oblivion!"

#.# ####.###).#.###.# #.....#
#.# #......[....###.###.##..#
#.# #.#.....[......#.........
#.###.#..###..#.#...#.####..#
#Z#ZZZ#..# #..#...#.........#
#Z#.###>.# #..###...#.#####.#
##)#.###..# #..# ##.##.# #..
#.....Z...# #.## #!##.# #..
#.........# #@# #.##.### #..
#.........# #z# #.##...###.#
#.........###z#####.##....##.#
#............>[..............#
#.......#####.####.###....##.#
#.........###..........#.###..
#########................# ###
#####.####.####### #......#


You could see 2 wights.

Vanquished Creatures
  An oklob plant (D:8)
  Maggie (D:8)
  Psyche (D:8)
  2 wyverns
  Grum (D:7)
  A steam dragon (D:7)
  Menkaure (D:7)
  A water moccasin (D:7)
  Duvessa (D:7)
  3 orc warriors (D:7)
  A sky beast (D:7)
  2 black bears
  A centaur (D:7)
  2 wolves
  An ogre (D:6)
  2 phantoms
  2 kobold brigands (D:6)
  2 bullfrogs
  A necrophage (D:4)
  3 scorpions
  6 wights
  Dowan (D:7)
  A howler monkey (D:8)
  3 hounds
  2 jellies
  Crazy Yiuf (D:7)
  4 orc priests
  4 iguanas
  2 orc wizards (D:3)
  A mummy (D:7)
  3 gnolls (D:2)
  8 adders
  An ufetubus (D:5)
  A worm (D:2)
  2 dart slugs (D:4)
  25 orcs
  7 endoplasms
  4 giant cockroaches
  8 goblins
  8 hobgoblins
  13 kobolds
  4 quokkas
  7 ball pythons
  5 bats
  2 frilled lizards
  2 hobgoblin zombies (D:7)
  A kobold zombie (D:7)
  An orc zombie (D:7)
  3 rats
  A bush (D:8)
161 creatures vanquished.

Vanquished Creatures (collateral kills)
  A scorpion (D:7)
  A goblin (D:4)
  A frilled lizard (D:3)
  A kobold (D:6)
4 creatures vanquished.

Vanquished Creatures (others)
  A human zombie (D:8)
  A black bear zombie (D:8)
  A steam dragon zombie (D:7)
  4 orc zombies (D:7)
  46 fungi
  9 plants (D:8)
62 creatures vanquished.

Grand Total: 227 creatures vanquished

Notes
Turn   | Place    | Note
-------+----------+-------------------------------------------
     0 | D:1      | Gabide the Mummy Necromancer began the quest for the Orb.
     0 | D:1      | Reached XP level 1. HP: 13/13 MP: 4/4
   481 | D:1      | Reached XP level 2. HP: 20/20 MP: 3/5
   539 | D:1      | Reached skill level 1 in Fighting
   838 | D:1      | Reached skill level 1 in Unarmed Combat
  1234 | D:2      | Gained mutation: You are in touch with the powers of death.
                  | [Mummy growth]
  1234 | D:2      | Reached XP level 3. HP: 26/26 MP: 4/7
  1399 | D:2      | Found a faded altar of an unknown god.
  1641 | D:2      | Reached XP level 4. HP: 33/33 MP: 5/8
  1920 | D:2      | Reached skill level 3 in Spellcasting
  2592 | D:2      | Reached skill level 4 in Spellcasting
  2876 | D:3      | Found a shimmering altar of Xom.
  2914 | D:3      | HP: 1/33 [something/puff of flame (1)]
  3057 | D:4      | Reached XP level 5. HP: 17/38 MP: 7/11
  3255 | D:3      | Reached skill level 1 in Armour
  3654 | D:3      | Found an ornate altar of the Wu Jian Council.
  3661 | D:3      | Found a shimmering blue altar of Sif Muna.
  4158 | D:4      | Reached XP level 6. HP: 44/44 MP: 3/12
  4497 | D:4      | Found a large runed translucent door.
  4497 | D:4      | Found a large runed translucent door.
  4499 | D:4      | Noticed Tali's ghost (amateur DsBe)
  4680 | D:4      | Learned a level 3 spell: Vampiric Draining
  4685 | D:4      | Learned a level 4 spell: Animate Dead
  5035 | D:4      | Found an ancient bone altar of Kikubaaqudgha.
  5073 | D:4      | Reached XP level 7. HP: 28/51 MP: 12/14
  5206 | D:4      | Became a worshipper of Kikubaaqudgha
  5641 | D:4      | Found a broken altar of Ashenzari.
  5650 | D:4      | Found a stormy altar of Qazlal.
  6022 | D:5      | Entered Level 5 of the Dungeon
  6033 | D:5      | Reached skill level 5 in Spellcasting
  6874 | D:5      | Reached skill level 5 in Necromancy
  7642 | D:6      | Reached XP level 8. HP: 22/60 MP: 1/16
  7937 | D:6      | Found a staircase to the Ecumenical Temple.
  8418 | D:6      | Reached skill level 6 in Spellcasting
  8880 | D:7      | Noticed Menkaure
  8885 | D:7      | Killed Menkaure
  8998 | D:7      | Reached * piety under Kikubaaqudgha
  8998 | D:7      | Received a gift from Kikubaaqudgha
  9433 | D:7      | Reached XP level 9. HP: 66/66 MP: 8/18
  9759 | D:7      | Found a bloodstained altar of Trog.
  9992 | D:7      | Found a runed translucent door.
  9993 | D:7      | Noticed Crazy Yiuf
  9999 | D:7      | Killed Crazy Yiuf
 10127 | D:7      | Reached skill level 5 in Fighting
 10212 | D:7      | Reached skill level 7 in Spellcasting
 10370 | D:7      | Noticed Duvessa
 10475 | D:7      | Noticed Dowan
 10497 | D:7      | Killed Duvessa
 10545 | D:7      | Killed Dowan
 10645 | D:8      | Noticed Psyche
 10645 | D:8      | Noticed Grum
 10656 | D:7      | Killed Grum
 10764 | D:8      | Reached skill level 5 in Dodging
 10764 | D:8      | Reached skill level 5 in Unarmed Combat
 10766 | Abyss:1  | Cast into level 1 of the Abyss (Psyche)
 10774 | D:8      | Escaped the Abyss
 10780 | D:8      | Killed Psyche
 11073 | D:8      | Found a blossoming altar of Fedhas.
 11083 | D:8      | Noticed an oklob plant
 11087 | D:8      | Killed an oklob plant
 11417 | D:8      | Noticed Maggie
 11429 | D:8      | Your ally Psyche died
 11432 | D:8      | Killed Maggie
 11433 | D:8      | Reached skill level 8 in Spellcasting
 11433 | D:8      | Reached XP level 10. HP: 66/76 MP: 6/22
 11538 | D:8      | Found a staircase to the Lair.
 11897 | D:7      | Mangled by a wight

Illustrated notes

Levels and vault maps discovered:
D:1:      lightli_arrival_quake, layout_loops_ring, serial_bayou_ford_a
D:2:      layout_basic, hellmonk_ecumenical_altar_lost_god
D:3:      layout_basic, lemuel_doored_altar, mainiacjoe_overflow_catch_the_wave,
          minmay_misc_feat_rows, amcnicky_mini_corridor_feature
D:4:      layout_loops_ring, nicolae_overflow_crystal_walls,
          mainiacjoe_overflow_swirl, ebering_ghost_disaster_area,
          minmay_pentangle
D:5:      layout_basic, dreamdust_mushroom_princess, st_stairs_12
D:6:      wander_river, layout_basic, minmay_temple_entry_hall,
          minmay_misc_feat_columns, minmay_unpleasant_kobolds
D:7:      layout_loops_ring, bloody_trog, dk_noncrumbling_3,
          minmay_mini_ossuary, uniq_duvessa, uniq_menkaure,
          uniq_crazy_yiuf_cottage
D:8:      layout_gridville, tgw_fedhas, david_lair_generic, uniq_psyche,
          uniq_joseph, uniq_grum, uniq_maggie

Skill      XL: |  1  2  3  4  5  6  7  8  9 |
---------------+----------------------------+-----
Fighting       | 1 2 3 4 6 |  6.0
Dodging        | 2 3 4 5 |  5.6
Unarmed Combat | 1 2 3 4 5 |  5.7
Spellcasting   | 4 5 6 8 |  8.0
Stealth        | 2 |  2.0
Armour         | 2 |  2.0
Necromancy     | 5 6 7 |  7.7

Action                   |  1- 3 |  4- 6 |  7- 9 | 10-12 || total
-------------------------+-------+-------+-------+-------++-------
Melee: Unarmed           |     7 |    54 |    62 |    26 ||   149
       Punch             |     1 |     1 |     7 |     1 ||    10
       Morningstar       |       |       |   135 |       ||   135
       Staff             |       |       |       |     6 ||     6
 Cast: Necrotise         |    61 |   143 |    68 |     3 ||   275
       Vampiric Draining |       |       |    58 |     8 ||    66
       Animate Dead      |       |       |     3 |     1 ||     4
Evoke: Wand              |       |       |    10 |     1 ||    11
  Use: Scroll            |       |     4 |    10 |       ||    14
 Stab: Sleeping          |       |       |     3 |       ||     3
       Distracted        |       |       |       |     1 ||     1
Armor: Robe              |     2 |     4 |    50 |       ||    56
       Leather armour    |       |    40 |       |       ||    40
       Steam dragon scal |       |       |       |    36 ||    36
Dodge: Dodged            |     6 |    77 |   137 |    90 ||   310
